 Dungeon Crawl Stone Soup version 0.24-a0-309-g1095bcad4c (webtiles) character file.

Game seed: 4580008742849854034

14 Esekla the Magician (level 2, -1/17 HPs)
             Began as an Octopode Wizard on May 14, 2019.
             Slain by a leopard gecko (3 damage)
             ... on level 1 of the Dungeon.
             The game lasted 00:04:22 (381 turns).

Esekla the Magician (Octopode Wizard)                Turns: 381, Time: 00:04:24

Health: -1/17      AC:  1    Str:  6    XL:     2   Next: 41%
Magic:  5/6        EV: 13    Int: 20    God:
Gold:   9          SH:  0    Dex: 10    Spells: 4/7 levels left

rFire    + . .     SeeInvis .   b - +0 dagger
rCold    . . .     Gourm    .   (no shield)
rNeg     . . .     Faith    .   a - +0 hat
rPois    .         Spirit   .   (no amulet)
rElec    .         Reflect  .   d - ring of protection from fire
rCorr    .         Harm     .   (no ring)
MR       .....                  (no ring)
Stlth    +++.......             (no ring)
HPRegen  0.05/turn              (no ring)
MPRegen  0.10/turn              (no ring)
                                (no ring)
                                (no ring)

@: no status effects
A: almost no armour, stealthy swim, amphibious, 8 rings, constrict 8, camouflage
1, gelatinous body 1
a: no special abilities


You were on level 1 of the Dungeon.
You were not hungry.

You visited 1 branch of the dungeon, and saw 1 of its levels.

You collected 9 gold pieces.

Inventory:

Hand Weapons
 b - a +0 dagger (weapon)
Armour
 a - a +0 hat (worn)
Jewellery
 d - a ring of protection from fire (left tentacle)
Scrolls
 f - 3 scrolls of identify {unknown}
Potions
 e - a potion of mutation {unknown}
Comestibles
 c - 2 rations


   Skills:
 + Level 2.1 Dodging
 - Level 2.6 Stealth
 + Level 3.4 Spellcasting
 * Level 1.2 Conjurations
   Level 1.0 Summonings
 + Level 1.0 Translocations


You had 4 spell levels left.
You knew the following spells:

 Your Spells              Type           Power        Failure   Level  Hunger
a - Magic Dart            Conj           #...         9%          1    None
b - Blink                 Tloc           N/A          14%         2    ##.....

Your spell library contained the following spells:

 Spells                   Type           Power        Failure   Level  Hunger
 Call Imp                 Summ           #.......     14%         2    ##.....
 Slow                     Hex            #.......     21%         2    ##.....
 Conjure Flame            Conj/Fire      #.......     30%         3    ###....
 Mephitic Cloud           Conj/Pois/Air  #.......     34%         3    ###....


Dungeon Overview and Level Annotations

Branches:
Dungeon (1/15)

Altars:


Innate Abilities, Weirdness & Mutations

You cannot wear most types of armour.
You are very stealthy in the water. (Stealth+)
You are amphibious.
You can wear up to eight rings at the same time.
You can use your tentacles to constrict eight enemies at once.
Your skin changes colour to match your surroundings (Stealth+).
Your rubbery body absorbs attacks. (AC +1, EV +1)


Message History

The leopard gecko is moderately wounded.
The leopard gecko bites you.
The kobold throws a stone.
The stone hits you.
* * * LOW HITPOINT WARNING * * *
The leopard gecko bites you.
* * * LOW HITPOINT WARNING * * *
Casting: Magic Dart (safe; 9% risk of failure)
Confirm with . or Enter, or press ? or * to list all spells.
You blink.
Your magical contamination has completely faded away.
A dart slug comes into view.
The leopard gecko hisses menacingly.
You barely miss the leopard gecko. Your grab misses the leopard gecko.
The leopard gecko closely misses you.
You hit the leopard gecko. You grab the leopard gecko.
The leopard gecko is severely wounded.
You constrict the leopard gecko, but do no damage.
The leopard gecko bites you.
* * * LOW HITPOINT WARNING * * *
The leopard gecko bites you.
You die...

>###............##...#####..#####
.##...(#####....###.....##.##
....##...####..............#
########...#..#............# #
###...##.........##l#
##########........))....##.#
..............>.........##.######
................##...............
#.#####)#####...@l..K...##.......
...###...###....#.......#........
....#.....#...............######.
.....#####.....##.......###
.<....###......###......#
.......#.......# #........
#.#####........# #......##
...###.......#. ##.##...
....#....†...


You could see a leopard gecko and a kobold.

Vanquished Creatures
  3 bats (D:1)
  2 goblins (D:1)
  A hobgoblin (D:1)
  4 kobolds (D:1)
  A frilled lizard (D:1)
  A rat (D:1)
12 creatures vanquished.

Notes
Turn   | Place    | Note
-------+----------+-------------------------------------------
     0 | D:1      | Esekla the Octopode Wizard began the quest for the Orb.
     0 | D:1      | Reached XP level 1. HP: 11/11 MP: 4/4
    85 | D:1      | Reached XP level 2. HP: 11/17 MP: 0/6
    92 | D:1      | Learned a level 2 spell: Blink
   381 | D:1      | Slain by a leopard gecko

Levels and vault maps discovered:
D:1:      onia_arrival_pyramid, layout_rooms

Action                   || total
-------------------------++-------
Melee: Dagger            ||    27
       Constrict         ||     7
       Tentacles         ||     3
 Cast: Magic Dart        ||    15
       Blink             ||     1
Armor: Skin              ||     4
Dodge: Dodged            ||    22

Table legend:
 A = Non-vault XP
 B = Vault XP
 C = Vault XP percentage of total XP
 D = Non-vault monster count
 E = Vault monster count
 F = Vault count percentage of total count
                 A         B        C        D         E       F
            +---------+---------+-------+---------+---------+-------
      Total |      20 |       0 |   0.0 |      12 |       0 |   0.0
            +---------+---------+-------+---------+---------+-------
        D:1 |      20 |       0 |   0.0 |      12 |       0 |   0.0
            +---------+---------+-------+---------+---------+-------
